Map: Battle on the Boardwalk LE

Players

LiquidTLO (TLO)

  • Race: Zerg Zerg
  • League: Grandmaster
  • Spawn Location: 1:00

Bly - Winner!

  • Race: Zerg Zerg
  • League: Grandmaster
  • Spawn Location: 11:00

Event: HomeStory Cup XVI

VOD

Have the link to the VOD?

Description

Time

  • Played on: Nov. 10, 2017, 10:58 a.m.
  • Length: 9:05

All games in this series

Show
View Real Time Build Order
Export as new Build Order

LiquidTLO Zerg 

Build Orders: Pool First 

Get SALT Encoding   

  12  0:00  Drone  
  13  0:12  Overlord  
  13  0:16  Drone  
  14  0:31  Drone x2  
  16  0:41  Spawning Pool  
  15  0:44  Drone  
  16  0:52  Drone  
  17  0:58  Drone  
  18  1:15  Hatchery  
  17  1:28  Zergling x4  
  17  1:29  Zergling x2  
  17  1:32  Queen  
  22  1:39  Spine Crawler  
  21  1:46  Extractor, Zergling x2  
  21  2:02  Overlord  
  21  2:07  Queen  
  21  2:27  Drone x2  
  23  2:34  Drone  
  23  2:35  Drone  
  25  2:38  Drone x2  
  25  2:41  Drone x2  
  29  2:48  Drone  
  29  2:50  Drone  
  31  2:56  Drone  
  32  3:01  Drone x2  
  34  3:10  Drone  
  35  3:13  Overlord  
  35  3:14  Evolution Chamber, Drone  
  35  3:15  Drone  
  36  3:26  Pneumatized Carapace  
  36  3:27  Overlord  
  36  3:29  Overlord  
  36  3:31  Overlord  
  36  3:35  Drone  
  36  3:37  Lair  
  37  3:43  Extractor, Drone  
  37  3:44  Extractor, Drone  
  37  3:46  Drone x2  
  40  3:48  Drone  
  40  3:56  Drone, Roach Warren  
  40  3:58  Drone  
  41  4:07  Drone  
  42  4:10  Drone  
  42  4:11  Zerg Missile Weapons Level 1  
  42  4:14  Drone  
  42  4:16  Extractor, Overlord  
  43  4:18  Drone  
  43  4:19  Overlord  
  43  4:21  Drone  
  43  4:23  Drone  
  46  4:29  Overlord, Drone  
  47  4:33  Drone  
  47  4:35  Glial Reconstitution  
  48  4:45  Hatchery  
  47  4:54  Roach  
  47  4:55  Roach x3  
  47  4:58  Roach  
  57  5:00  Roach  
  57  5:01  Overseer  
  57  5:04  Roach  
  57  5:06  Roach  
  63  5:09  Roach  
  63  5:12  Overlord  
  65  5:15  Drone  
  65  5:17  Drone  
  67  5:22  Roach x2  
  67  5:23  Roach  
  67  5:25  Roach  
  75  5:30  Overlord  
  75  5:34  Drone  
  76  5:39  Roach  
  75  5:45  Drone  
  75  5:51  Roach  
  75  5:55  Ravager  
  75  5:56  Ravager x5  
  83  6:00  Roach  
  83  6:02  Roach  
  83  6:04  Drone x4  
  89  6:06  Roach  
  89  6:07  Roach  
  89  6:08  Overlord  
  89  6:11  Roach  
  97  6:16  Spine Crawler  
  97  6:17  Roach  
  100  6:18  Roach  
  100  6:21  Roach  
  100  6:24  Roach  
  104  6:27  Roach  
  105  6:36  Roach  
  105  6:39  Roach  
  101  6:47  Roach  
  101  6:49  Roach  
  103  6:55  Roach Warren  
  98  7:03  Extractor  
  98  7:04  Extractor  
  92  7:15  Queen  
  92  7:31  Overlord  
  92  7:32  Overlord  
  92  7:37  Roach x7  
  94  7:38  Ravager x2  
  94  7:39  Ravager  
  109  7:48  Roach x2  
  95  8:00  Roach  
  95  8:02  Roach  
  95  8:03  Roach  
  95  8:06  Roach  
  97  8:15  Roach  
  99  8:20  Roach  
  101  8:29  Roach  
  101  8:32  Roach  
  105  8:38  Roach  
Show
View Real Time Build Order
Export as new Build Order

Bly Zerg - Winner!

Build Orders: Pool First 

Get SALT Encoding   

  12  0:18  Spawning Pool  
  11  0:22  Drone  
  11  0:26  Drone  
  13  0:32  Drone  
  14  0:41  Overlord  
  14  1:05  Zergling x6  
  17  1:17  Zergling x2  
  18  1:20  Hatchery  
  17  1:27  Zergling x2  
  18  1:35  Queen  
  20  1:41  Drone  
  21  1:50  Overlord  
  19  2:10  Queen  
  19  2:11  Drone x2  
  23  2:25  Drone  
  24  2:33  Drone x2  
  24  2:34  Queen  
  28  2:47  Drone x3  
  31  2:51  Extractor  
  31  2:53  Extractor  
  31  2:56  Drone  
  31  2:57  Drone x2  
  32  3:00  Drone  
  33  3:13  Drone x2  
  33  3:19  Overlord x2  
  35  3:32  Drone  
  36  3:35  Overlord  
  37  3:41  Drone x3  
  37  3:43  Drone  
  37  3:45  Lair  
  40  3:56  Roach Warren  
  40  3:58  Evolution Chamber  
  40  3:59  Drone x6  
  40  4:00  Drone  
  45  4:06  Overlord  
  45  4:15  Overlord  
  45  4:16  Extractor  
  44  4:20  Evolution Chamber  
  44  4:30  Drone x2  
  46  4:36  Hatchery  
  45  4:42  Roach  
  45  4:43  Roach x6  
  45  4:44  Overseer  
  59  4:47  Glial Reconstitution  
  59  4:57  Roach x2  
  59  4:58  Zerg Missile Weapons Level 1  
  63  5:05  Roach x2  
  67  5:10  Roach  
  69  5:14  Overlord x2  
  69  5:20  Roach x3  
  75  5:21  Overlord  
  75  5:27  Overlord  
  75  5:28  Overlord  
  75  5:31  Overlord  
  75  5:45  Roach x6  
  84  5:52  Roach x2  
  84  5:53  Roach  
  84  5:56  Roach  
  92  5:59  Overlord  
  92  6:08  Roach x3  
  98  6:13  Roach x2  
  102  6:20  Ravager  
  102  6:21  Roach  
  102  6:25  Roach x2  
  111  6:28  Roach  
  113  6:36  Roach  
  115  6:41  Roach  
  115  6:47  Roach Warren  
  120  6:50  Ravager  
  120  6:51  Ravager  
  120  6:52  Roach  
  120  6:53  Overlord  
  118  7:01  Roach  
  118  7:02  Roach x2  
  124  7:14  Roach x4  
  132  7:15  Hatchery  
  131  7:23  Overlord  
  131  7:35  Overlord  
  131  7:38  Extractor  
  128  7:49  Roach x3  
  128  7:50  Roach x4  
  130  8:04  Roach x8  
  134  8:25  Roach x3  
  140  8:29  Ravager x2, Overlord  
  142  8:36  Roach x2  
Tags
 
Add a new tag
Caveats
  • Supply blocks, unpowered buildings, or Contaminate may cause inaccurate times.
  • Supply counts are checked every 10 seconds.